Map: Para Site LE

Players

Yocto

  • Race: Zerg Zerg
  • Spawn Location: 5:00

IIIIIIIIIIII - Winner!

  • Race: Zerg Zerg
  • League: Platinum
  • Spawn Location: 11:00

VOD

Have the link to the VOD?

Description

Time

  • Played on: Dec. 14, 2018, 10:11 a.m.
  • Length: 13:25
Show
View Real Time Build Order
Export as new Build Order

Yocto Zerg 

Build Orders: Hatch First 

Get SALT Encoding   

  12  0:01  Drone  
  13  0:14  Overlord  
  13  0:18  Drone  
  14  0:33  Drone x2  
  16  0:36  Drone  
  17  0:56  Drone  
  18  0:57  Hatchery  
  18  1:00  Extractor  
  18  1:01  Drone  
  17  1:16  Spawning Pool  
  16  1:20  Drone  
  17  1:26  Drone  
  17  1:31  Drone  
  19  1:41  Overlord  
  19  1:52  Drone  
  20  2:02  Queen  
  20  2:07  Metabolic Boost  
  22  2:10  Queen  
  22  2:14  Zergling x4  
  26  2:17  Drone  
  26  2:21  Drone  
  28  2:37  Drone x3  
  31  2:47  Lair  
  31  2:49  Queen  
  33  2:55  Drone x3  
  36  3:06  Overlord  
  36  3:21  Baneling Nest  
  36  3:26  Evolution Chamber  
  34  3:28  Drone x6  
  34  3:29  Drone x3  
  34  3:32  Extractor  
  42  3:56  Evolution Chamber  
  42  3:59  Extractor  
  42  4:01  Drone x3  
  43  4:10  Spire  
  43  4:11  Overlord  
  43  4:12  Overlord x2  
  43  4:17  Overlord, Extractor  
  41  4:25  Evolution Chamber  
  41  4:26  Drone  
  41  4:27  Drone x2  
  43  4:35  Zergling x6  
  46  4:39  Zerg Melee Weapons Level 1  
  46  4:40  Drone x3  
  46  4:43  Hatchery  
  48  4:58  Drone  
  48  4:59  Drone x2  
  51  5:03  Drone  
  52  5:22  Mutalisk x4  
  60  5:31  Spine Crawler  
  60  5:32  Spine Crawler  
  60  5:34  Spine Crawler  
  57  5:36  Spine Crawler, Zergling x12  
  62  5:45  Mutalisk  
  62  5:47  Zergling x2  
  58  6:05  Mutalisk x3  
  58  6:06  Mutalisk  
  62  6:11  Zergling x2  
  62  6:12  Zergling x8  
  62  6:15  Queen  
  67  6:22  Mutalisk  
  67  6:27  Zergling x2  
  57  6:40  Mutalisk x2  
  61  6:52  Drone x2  
  63  6:59  Drone x4  
  63  7:00  Drone x3  
  70  7:06  Queen  
  72  7:29  Baneling Nest, Drone x3  
  74  7:30  Overlord  
  74  7:31  Overlord x3  
  74  7:51  Zergling x2  
  74  7:52  Zergling x14  
  82  8:04  Queen  
  84  8:12  Zergling x6  
  87  8:13  Zergling x6  
  82  8:46  Zergling x2  
  82  8:47  Zergling x22  
  71  9:01  Zergling x8  
  71  9:02  Zergling x2  
  70  9:15  Queen  
  71  9:26  Baneling x3  
  71  9:27  Baneling x7  
  71  9:28  Baneling  
  71  9:32  Drone x6  
  71  9:33  Queen, Drone x3  
  82  9:51  Queen  
  84  10:03  Mutalisk  
  84  10:04  Mutalisk x5  
  90  10:29  Mutalisk x4  
  90  10:30  Mutalisk x4  
  106  10:43  Overlord x3  
  106  10:48  Centrifical Hooks  
  106  11:00  Queen x2  
  110  11:10  Baneling x3  
  110  11:12  Drone x3  
  110  11:13  Drone x4  
  110  11:16  Extractor  
  116  11:19  Extractor  
  116  11:21  Zerg Ground Armor Level 1  
  115  11:44  Drone x4  
  115  11:45  Drone x5  
  124  11:47  Overlord  
  124  11:48  Overlord x4  
  124  12:08  Zergling x12  
  127  12:09  Zergling x2  
  127  12:12  Hatchery  
  129  12:20  Baneling x7  
  129  12:21  Baneling x4  
  129  12:22  Zergling x2  
  130  12:23  Zergling x14  
  137  12:35  Baneling x6  
  137  12:36  Baneling x7  
  137  12:37  Baneling  
  137  12:39  Zergling x8  
  141  13:02  Infestation Pit  
Show
View Real Time Build Order
Export as new Build Order

IIIIIIIIIIII Zerg - Winner!

Build Orders: Hatch First 

Get SALT Encoding   

  12  0:01  Drone  
  13  0:13  Overlord  
  13  0:22  Drone  
  14  0:31  Drone x2  
  16  0:51  Hatchery  
  16  0:54  Drone  
  16  1:00  Drone  
  16  1:04  Extractor, Drone  
  17  1:08  Drone  
  18  1:25  Spawning Pool, Drone  
  18  1:29  Overlord  
  18  1:53  Drone x2  
  20  2:01  Extractor, Drone  
  20  2:11  Metabolic Boost  
  20  2:12  Queen  
  20  2:14  Zergling x2  
  23  2:16  Drone  
  23  2:17  Drone  
  23  2:19  Queen  
  27  2:25  Zergling x2  
  28  2:30  Overlord  
  28  2:52  Roach Warren  
  28  2:57  Drone x3  
  30  3:03  Overlord x2  
  30  3:06  Overlord  
  30  3:21  Drone  
  30  3:22  Drone  
  32  3:45  Roach x6  
  32  3:46  Roach  
  46  3:54  Drone x2  
  48  3:56  Drone  
  48  4:00  Lair  
  49  4:03  Roach x2  
  53  4:10  Overlord  
  53  4:23  Roach x3  
  59  4:25  Overlord x2  
  59  4:47  Roach  
  59  4:48  Roach x6  
  73  4:59  Hydralisk Den  
  72  5:03  Zergling x2  
  72  5:04  Zergling x8  
  77  5:30  Hydralisk x3  
  83  5:41  Drone  
  84  5:43  Overlord  
  84  5:46  Overlord x2  
  84  5:48  Extractor  
  70  6:15  Roach x3  
  70  6:16  Roach x8  
  84  6:22  Drone x2  
  76  6:36  Hydralisk  
  76  6:37  Hydralisk, Drone  
  67  6:49  Drone  
  68  7:20  Grooved Spines  
  68  7:22  Hydralisk  
  68  7:23  Hydralisk x4  
  68  7:26  Zergling x6  
  81  7:31  Overlord x2  
  81  7:50  Hatchery  
  80  8:01  Spore Crawler  
  80  8:02  Spore Crawler  
  80  8:04  Hydralisk  
  80  8:05  Hydralisk x2  
  84  8:21  Hydralisk  
  84  8:22  Hydralisk x2  
  84  8:26  Hydralisk  
  79  8:50  Hydralisk x2  
  79  8:51  Hydralisk x2  
  55  9:26  Hydralisk x4  
  55  9:27  Hydralisk x2  
  55  9:30  Roach  
  69  9:33  Roach  
  71  9:42  Drone x2  
  71  9:43  Drone  
  71  10:01  Hydralisk x3  
  75  10:32  Drone  
  75  10:33  Drone x3  
  79  10:36  Hydralisk x5  
  89  10:54  Muscular Augments  
  89  11:06  Hydralisk x2  
  89  11:07  Hydralisk x2  
  97  11:12  Hydralisk  
  99  11:30  Hydralisk x2  
  99  11:31  Hydralisk x2  
  107  11:36  Overlord  
  107  11:47  Hydralisk  
  107  11:48  Hydralisk  
  107  11:51  Hydralisk  
  113  12:08  Hydralisk x3  
  119  12:17  Hydralisk  
  119  12:18  Hydralisk  
  123  12:25  Overlord  
  123  12:44  Overlord x2  
  123  12:55  Hydralisk x3  
  123  12:56  Hydralisk  
Tags
 
League
Platinum
Matchup
ZvZ
Race
Zerg
Replay Pack
Yocto
Spawn Locations
Cross Positions
Add a new tag
Caveats
  • Supply blocks, unpowered buildings, or Contaminate may cause inaccurate times.
  • Supply counts are checked every 10 seconds.